AoeStats
← Gregory176144

Arena

510159288Analyzed
1v1 RM · 2d ago on Sep 29, 2026· 40m 10s· 2 players
Game mode
Random Map
Map size
Tiny (2 player)
Population
200
Speed
Normal
Resources
Standard
Victory
Conquest
Starting age
Dark Age
Ending age
Imperial Age
RankedLock teamsTeams togetherTeam positionsShared explorationLock speedFull tech treeHidden civsTurbo modeCheats
Victory
Defeat
🇦🇷 Burgundians · Argentina
1239
+29
🇩🇪 Chinese · Germany
1272
-18
Gregory176144
4:39 Double-Bit Axe
10:53 Feudal Age
10:21 Horse Collar
12:09 Wheelbarrow
14:42 Castle Age
13:02 Bow Saw
12:58 Gold Mining
15:27 Gold Shaft Mining
20:35 Scale Mail Armor
26:25 Stone Mining
27:55 Stone Shaft Mining
28:10 Hand Cart
27:43 Loom
27:44 Town Watch
28:31 Squires
31:58 Imperial Age
30:32 Fletching
31:20 Ballistics
30:41 Treadmill Crane
31:25 Ballistics
31:11 Bodkin Arrow
31:29 Padded Archer Armor
33:04 Bracer
34:27 Chemistry
34:20 Leather Archer Armor
35:43 Conscription
37:49 Masonry
[ROIDZ] Sir Gawain
0:26 Loom
9:32 Feudal Age
16:51 Castle Age
15:23 Stone Mining
17:15 Gold Mining
25:46 Town Watch
26:00 Fletching
27:57 Bodkin Arrow
31:42 Padded Archer Armor
36:02 Wheelbarrow
38:02 Leather Archer Armor
41:03 Imperial Age
Connection lost

Rejoining the realm…

Still unreachable

The connection could not be restored.

Session expired

The server has moved on; the page needs a fresh start.